 Dungeon Crawl Stone Soup version 0.23-a0-183-gf37f6fb (webtiles) character file.

14 galech the Skirmisher (level 2, 19/24 HPs)
             Began as a Demonspawn Fighter on Sept 21, 2018.
             Quit the game on level 1 of the Dungeon.
             The game lasted 00:00:34 (392 turns).

galech the Skirmisher (Demonspawn Fighter)           Turns: 392, Time: 00:00:35

Health: 19/24      AC:  6    Str: 16    XL:     2   Next: 31%
Magic:  2/2        EV:  6    Int:  9    God:
Gold:   102        SH:  8    Dex: 12    Spells: 1/1 levels left

rFire    . . .     SeeInvis .   a - +0 war axe
rCold    . . .     Gourm    .   c - +0 shield
rNeg     . . .     Faith    .   b - +0 scale mail
rPois    .         Spirit   .   (helmet restricted)
rElec    .         Reflect  .   (no cloak)
rCorr    .         Harm     .   (no gloves)
MR       .....                  (no boots)
Stlth    ..........             (no amulet)
HPRegen  0.08/turn              (no ring)
MPRegen  0.08/turn              (no ring)

@: no status effects
A: horns 1
a: no special abilities


You were on level 1 of the Dungeon.
You were not hungry.

You visited 1 branch of the dungeon, and saw 1 of its levels.

You collected 102 gold pieces.

Inventory:

Hand Weapons
 a - a +0 war axe (weapon)
Armour
 b - a +0 scale mail (worn)
 c - a +0 shield (worn)
Scrolls
 g - 2 scrolls of teleportation {unknown}
 k - a scroll of enchant weapon {unknown}
 l - a scroll of enchant armour {unknown}
 m - a scroll of random uselessness {unknown}
Potions
 d - a potion of might
 e - 2 potions of heal wounds {unknown}
 h - a potion of agility {unknown}
 i - 2 potions of curing {unknown}
 n - a potion of lignification {unknown}
Comestibles
 f - 4 rations
 j - 3 chunks of flesh


   Skills:
 + Level 3.2 Fighting
 + Level 1.9 Axes
 + Level 2.9 Armour
 + Level 2.9 Shields


You had one spell level left.
You didn't know any spells.
Your spell library was empty.

Dungeon Overview and Level Annotations

Branches:
Dungeon (1/15)

Altars:


Innate Abilities, Weirdness & Mutations

You have a pair of small horns on your head.


Message History

No target in view!
m - a scroll labeled TEYN ZADWULOTA
n - a metallic blue potion Some of the chunks of flesh in your inventory have rotted away.
Found 25 stones.
You now have 102 gold pieces (gained 15).
Some of the chunks of flesh in your inventory have rotted away.
A rat comes into view.
A rat is nearby!
The rat barely misses you.
You closely miss the rat. You headbutt the rat, but do no damage.
The rat barely misses you.
You closely miss the rat. You headbutt the rat.
You kill the rat!
No target in view!
No target in view!
No target in view!
No target in view!
No target in view!
Are you sure you want to abandon this character and quit the game? (Confirm

#..# #.#### ##.## #.#
#..####.# ######.###...####
................######
##..........###......#
##.########## ######.##
#.#################..#
#.#.....<#.#..†@..##.#
#.#.######.######.##.#
#.#...............##.#
##.##############.###.#######
...# #...##.#.....## ##.#
#.#####.####........## ##.#
#.......#.##.........# ...#
###########.#.##.........#
...#
#(........#...##.........#


There were no monsters in sight!

Vanquished Creatures
  2 dart slugs (D:1)
  2 hobgoblins (D:1)
  2 kobolds (D:1)
  5 rats (D:1)
11 creatures vanquished.

Notes
Turn   | Place    | Note
-------+----------+-------------------------------------------
     0 | D:1      | galech the Demonspawn Fighter began the quest for the Orb.
     0 | D:1      | Reached XP level 1. HP: 18/18 MP: 1/1
   201 | D:1      | Gained mutation: You have a pair of small horns on your
                  | head. [demonic ancestry]
   201 | D:1      | Reached XP level 2. HP: 24/24 MP: 2/2
   392 | D:1      | Quit the game

Vault maps used:
D:1:      onia_arrival_mini_maze

Action                   || total
-------------------------++-------
Melee: War axe           ||    20
       Headbutt          ||     3
Armor: Scale mail        ||     5
Dodge: Dodged            ||     6
Block: Shield            ||     6

Table legend:
 A = Non-vault XP
 B = Vault XP
 C = Vault XP percentage of total XP
 D = Non-vault monster count
 E = Vault monster count
 F = Vault count percentage of total count
                 A         B        C        D         E       F
            +---------+---------+-------+---------+---------+-------
      Total |      21 |       0 |   0.0 |      11 |       0 |   0.0
            +---------+---------+-------+---------+---------+-------
        D:1 |      21 |       0 |   0.0 |      11 |       0 |   0.0
            +---------+---------+-------+---------+---------+-------
